[Event "*** Titled Tuesday Blitz"]
[Site "Chess.com"]
[Date "2018.01.02"]
[Round "9"]
[White "aquiles88"]
[Black "JordiQC"]
[Result "0-1"]
[WhiteElo "2057"]
[BlackElo "1886"]
[TimeControl "180+2"]
[EndTime "14:58:43 PST"]
[Termination "JordiQC won by checkmate"]

1. g3 d5 2. Bg2 Bf5 3. c4 c6 4.
Qb3 Nf6 5. Qxb7 Nbd7 6. Qxc6 dxc4 7. Qxa8 Qxa8 8. Bxa8 e5 9. Nc3 Bc5 10. Nf3 O-O 11. Nh4 Be6 12. Bg2 Ng4 13. O-O f5 14.
Bd5 Bxd5 15. Nxd5 f4 16. gxf4 exf4 17. h3 Nge5 18. Kg2 f3+ 19. Nxf3 Nxf3 20. exf3 Ne5 21. f4 Nd3 22. b3 Rf5 23. Ne3 Nxf4+ 24. Kg3 Ne2+ 25.
Kg4 Rf4+ 26. Kg5 Be7+ 27. Kh5 g6+ 28. Kh6 Rh4# 0-1

[Event "*** Titled Tuesday Blitz"]
[Site "Chess.com"]
[Date "2018.01.02"]
[Round "9"]
[White "theblitzchamp"]
[Black "Andrejs_Sokolov"]
[Result "0-1"]
[WhiteElo "2453"]
[BlackElo "2620"]
[TimeControl "180+2"]
[EndTime "14:58:46 PST"]
[Termination "Andrejs_Sokolov won on time"]

1. e4 g6 2. d4 Bg7 3. Nc3 c6 4. f4 d5 5. e5 f6 6. Nf3 Bg4 7. Be3 Nh6 8. Be2 Nf5 9. Bf2 O-O 10. Qd2 Bxf3 11. Bxf3 fxe5 12. fxe5 e6 13. Qe2 c5 14.
dxc5 Nc6 15. O-O-O Nxe5 16. Nb5 Qa5 17. Kb1 Nc4 18. Qxe6+ Kh8 19. Nd4 Qb4 20. Nb3 Nxb2 21. Rxd5 Na4 22. Rxf5 Rxf5 23. Kc1 Rd8 24. Bd4 Rxd4 25.
Nxd4 Bh6+ 0-1

[Event "*** Titled Tuesday Blitz"]
[Site "Chess.com"]
[Date "2018.01.02"]
[Round "9"]
[White "chessdjw"]
[Black "Tonychess32"]
[Result "1-0"]
[WhiteElo "2521"]
[BlackElo "2429"]
[TimeControl "180+2"]
[EndTime "14:58:48 PST"]
[Termination "chessdjw won on time"]

1. Nf3 Nf6 2. g3 g6 3. Bg2 Bg7 4. O-O O-O 5. d4 c6 6. c4 d5 7. Nbd2 h5 8. b3 dxc4 9. Nxc4 Nbd7 10. Qc2 Nb6 11. e4 Bg4 12. Nfe5 Be6 13. Bb2 Qc8 14. f4 Bxc4 15. bxc4 Nbd7 16. f5 Nxe5 17. dxe5 Ng4 18. e6 Ne3 19. Qe2 Nxf1 20. Rxf1 Bxb2 21. Qxb2 fxe6 22.
fxg6 Rxf1+ 23. Bxf1 Qc7 24. c5 Rd8 25. Bc4 Rd1+ 26.
Kg2 Qd7 27. Qe5 Qd2+ 28. Kh3 Qh6 29. Bxe6+ Kf8 30. g7+ Qxg7 31. Qb8+ 1-0

[Event "*** Titled Tuesday Blitz"]
[Site "Chess.com"]
[Date "2018.01.02"]
[Round "9"]
[White "ZapataCharlesS"]
[Black "FairChess_on_YouTube"]
[Result "1-0"]
[WhiteElo "2648"]
[BlackElo "2732"]
[TimeControl "180+2"]
[EndTime "14:59:10 PST"]
[Termination "ZapataCharlesS won by resignation"]

1. e4 c5 2. c3 Nf6 3. e5 Nd5 4. d4 cxd4 5. Nf3 e6 6. cxd4 b6 7. Nc3 Bb7 8. Bd3 Na6 9. O-O Nab4 10. Bg5 Qc7 11. Rc1 Qb8 12. Ne4 h6 13. Bh4 Nxd3 14.
Qxd3 Bc6 15. Rfd1 Qb7 16. Nfd2 g5 17. Bg3 b5 18. Nb3 Qb6 19. Nf6+ Kd8 20. Nc5 Be7 21. a4 bxa4 22. Nce4 Qb3 23. Qe2 Rb8 24. Qh5 Qxb2 25. Qxf7 a3 26. Nxd5 Bxd5 27. Nd6 a2 28. Qe8+ 1-0

[Event "*** Titled Tuesday Blitz"]
[Site "Chess.com"]
[Date "2018.01.02"]
[Round "9"]
[White "ChessicallyInclined"]
[Black "1e41-0"]
[Result "0-1"]
[WhiteElo "2216"]
[BlackElo "2361"]
[TimeControl "180+2"]
[EndTime "14:59:27 PST"]
[Termination "1e41-0 won on time"]

1. d4 d5 2. c4 c6 3. Nf3 Nf6 4. Nc3 e6 5. Bg5 h6 6. Bh4 dxc4 7. e4 g5 8. Bg3 b5 9. Be2 Bb7 10.
e5 Nd5 11. O-O Nxc3 12. bxc3 Nd7 13. a4 Nb6 14. Qb1 a6 15. Nd2 Qd7 16. Ne4 Be7 17. axb5 cxb5 18. Bh5 Nd5 19. Nd6+ Bxd6 20. exd6 Nxc3 21.
Qe1 Ne4 22. Be5 Rg8 23. Qb4 g4 24. f3 gxf3 25. Rxf3 Ng5 26. Rg3 Qc6 27. d7+ Kxd7 28. Rf1 Nh3+ 29. gxh3 Rxg3+ 30. Kf2 Rg2+ 31. Ke1 Qe4+ 0-1

[Event "*** Titled Tuesday Blitz"]
[Site "Chess.com"]
[Date "2018.01.02"]
[Round "9"]
[White "pandamaster3000"]
[Black "chesstatour"]
[Result "1-0"]
[WhiteElo "2261"]
[BlackElo "2034"]
[TimeControl "180+2"]
[EndTime "14:59:30 PST"]
[Termination "pandamaster3000 won on time"]

1. e4 c6 2. d4 d5 3. exd5 cxd5 4. Bd3 Nc6 5. c3 g6 6. Bf4 Bg7 7. Nf3 Nh6 8. Qc1 Nf5 9. O-O O-O 10. Re1 f6 11. Nbd2 Bd7 12. a4 Rc8 13. Nb3 g5 14.
Bg3 g4 15. Bxf5 Bxf5 16. Nh4 Be4 17. Nc5 f5 18. Ne6 Qd7 19. Nxf8 Rxf8 20. Qg5 Kh8 21.
f3 gxf3 22. gxf3 Bd3 23. Qh5 e5 24. Ng6+ Kg8 25. Nxe5 Nxe5 26. Bxe5 f4 27. Bxg7 Qxg7+ 28. Kf2 Kh8 29. Rg1 Qc7 30. Rae1 b6 31. Re8 1-0

[Event "*** Titled Tuesday Blitz"]
[Site "Chess.com"]
[Date "2018.01.02"]
[Round "9"]
[White "eldur16"]
[Black "geeeeri"]
[Result "1-0"]
[WhiteElo "2513"]
[BlackElo "2412"]
[TimeControl "180+2"]
[EndTime "14:59:32 PST"]
[Termination "eldur16 won by resignation"]

1. c4 e5 2. g3 Nc6 3. Bg2 Nf6 4. Nc3 Bc5 5. e3 O-O 6. Nge2 Re8 7. O-O a5 8. d4 Bf8 9. d5 Ne7 10. e4 d6 11. h3 c6 12. Be3 b5 13. cxb5 cxd5 14. exd5 Bb7 15. Qd2 Nf5 16. Rac1 g6 17. Rfd1 Bg7 18. Na4 Nxe3 19. Qxe3 Nd7 20. Rc6 Bf8 21.
b6 Nc5 22. Nxc5 dxc5 23. Rc7 Ba6 24. Nc3 Rb8 25. d6 Bc4 26. Qxc5 Be6 27. Nd5 Bxd6 28. Qxd6 Bxd5 29. Bxd5 Qxd6 30. Bxf7+ Kf8 31. Rxd6 Re7 32. Bd5 Rxb6 33. Rc8+ 1-0

[Event "*** Titled Tuesday Blitz"]
[Site "Chess.com"]
[Date "2018.01.02"]
[Round "9"]
[White "sergeikim"]
[Black "Keaton87"]
[Result "0-1"]
[WhiteElo "2352"]
[BlackElo "2518"]
[TimeControl "180+2"]
[EndTime "14:59:35 PST"]
[Termination "Keaton87 won by resignation"]

1. d4 d5 2. c4 e6 3. Nc3 Be7 4. Nf3 Nf6 5. Bf4 O-O 6. e3 b6 7.
cxd5 Nxd5 8. Nxd5 exd5 9. Bd3 c5 10. O-O Nc6 11. h3 c4 12. Bc2 Be6 13. Ne5 Nxe5 14.
Bxe5 b5 15. Qh5 f5 16. f3 Qe8 17. Qxe8 Rfxe8 18. g4 g6 19. Kh2 Kf7 20. Rg1 Bf6 21. Bd6 a5 22. Rg2 Rac8 23. Rag1 Red8 24. gxf5 Rxd6 25.
fxg6+ hxg6 26. Rxg6 Rh8 27. R1g3 b4 28. f4 Ke7 29. f5 Bf7 30. R6g4 Bh5 31. Rf4 Be2 32. Rg6 Bd3 33. Bd1 c3 34. bxc3 bxc3 35. Rf2 Rb6 36. Rgg2 Rhb8 37. Bc2 Bxc2 38. Rxc2 Rc6 39. Kg3 Rg8+ 40.
Kf3 Rxg2 41. Kxg2 Bh4 42. Kf1 Kf6 43. Ke2 Kxf5 44. Kd3 Rc8 45. Rxc3 Rxc3+ 46. Kxc3 Ke4 47. Kb3 Kxe3 48. Ka4 Kxd4 49. Kxa5 Kc4 0-1

[Event "*** Titled Tuesday Blitz"]
[Site "Chess.com"]
[Date "2018.01.02"]
[Round "9"]
[White "ChristopherYoo"]
[Black "timator"]
[Result "0-1"]
[WhiteElo "2311"]
[BlackElo "2335"]
[TimeControl "180+2"]
[EndTime "14:59:40 PST"]
[Termination "timator won by resignation"]

1. e4 c5 2. Nf3 Nc6 3. d4 cxd4 4. Nxd4 Nf6 5. Nc3 e6 6. Nxc6 bxc6 7. e5 Nd5 8. Ne4 Qc7 9. f4 Qb6 10. c4 Ne3 11.
Qd3 Bb4+ 12. Bd2 O-O 13. a3 Bxd2+ 14. Qxd2 Nxf1 15. Rxf1 Ba6 16. Rc1 c5 17. Rf2 Rab8 18.
Nd6 f6 19. Rc2 fxe5 20. fxe5 Rxf2 21. Kxf2 Rf8+ 22. Kg1 Qc6 23. Qc3 Bb7 24. b4 cxb4 25. axb4 Ba8 26. Rd2 a5 27. b5 Qc5+ 28. Qd4 Qa3 29.
b6 Bc6 30. b7 Qc1+ 31. Rd1 Qc2 32. Qd2 Qb3 33. Nc8 Bxb7 34. Ne7+ Kh8 35. Rf1 Qb6+ 36.
Rf2 Qb1+ 0-1

[Event "*** Titled Tuesday Blitz"]
[Site "Chess.com"]
[Date "2018.01.02"]
[Round "9"]
[White "manubibi"]
[Black "DrVelja"]
[Result "1-0"]
[WhiteElo "2462"]
[BlackElo "2545"]
[TimeControl "180+2"]
[EndTime "14:59:40 PST"]
[Termination "manubibi won by resignation"]

1. e4 c5 2. Nf3 Nc6 3. Bb5 e6 4. O-O Nge7 5. b3 a6 6. Bxc6 Nxc6 7. Bb2 d6 8. d4 cxd4 9. Nxd4 Nxd4 10. Qxd4 e5 11. Qd3 Be7 12. f4 exf4 13. Bxg7 Rg8 14. Bd4 Qa5 15. Nc3 Qg5 16. Rf2 Be6 17. Ne2 O-O-O 18. Nxf4 Kb8 19. Be3 Qe5 20. Rd1 Bh4 21. Rff1 Bg5 22. Nxe6 Bxe3+ 23. Qxe3 fxe6 24. Rf7 Rg4 25. Qb6 Rxg2+ 26. Kxg2 Rg8+ 27. Kf1 Qxe4 28. Qxd6+ Ka8 29.
Rf8+ Rxf8+ 30. Qxf8+ Ka7 31. Qf2+ Kb8 32. Qf8+ Ka7 33.
Qc5+ 1-0

[Event "*** Titled Tuesday Blitz"]
[Site "Chess.com"]
[Date "2018.01.02"]
[Round "9"]
[White "DiogenesSinopeus"]
[Black "juniortay"]
[Result "1-0"]
[WhiteElo "2389"]
[BlackElo "2293"]
[TimeControl "180+2"]
[EndTime "14:59:48 PST"]
[Termination "DiogenesSinopeus won by resignation"]

1. d4 Nf6 2. c4 g6 3. Nc3 Bg7 4. e4 d6 5. Nf3 O-O 6. Be2 c5 7. d5 b5 8. cxb5 a6 9. O-O axb5 10. Bxb5 Ba6 11. Qe2 Qb6 12. a4 Nbd7 13. Nd2 Bxb5 14.
Nxb5 Qb7 15. Nc4 Nb6 16. Nxb6 Qxb6 17. Bg5 h6 18. Bd2 Ne8 19. Bc3 Nc7 20. Nxc7 Qxc7 21.
Qc4 Rfb8 22. a5 Qd7 23. h3 Qb5 24. Qa4 Ra6 25. Ra3 Bxc3 26. bxc3 Qxa4 27. Rxa4 Rb5 28.
Rfa1 Rb3 29. R4a3 Rb2 30. Kf1 Kf8 31. R1a2 Rb1+ 32. Ke2 Ke8 33. Kd3 Kd7 34. Kc4 Kc7 35.
Re2 f6 36. f4 g5 37. e5 Kd7 38.
exf6 exf6 39. Re6 Rb2 40. Rxf6 Rxg2 41. f5 Rg3 42. Rf7+ Ke8 43. Rh7 Rxh3 44. Kb5 Ra8 45. Rh8+ 1-0

[Event "*** Titled Tuesday Blitz"]
[Site "Chess.com"]
[Date "2018.01.02"]
[Round "9"]
[White "JammyDodger91"]
[Black "SquashMaestro"]
[Result "1-0"]
[WhiteElo "2373"]
[BlackElo "2248"]
[TimeControl "180+2"]
[EndTime "14:59:48 PST"]
[Termination "JammyDodger91 won by resignation"]

1. e4 c5 2. d4 cxd4 3. c3 dxc3 4. Nxc3 Nc6 5. Nf3 e6 6. Bc4 Nge7 7. Bg5 f6 8. Be3 Ng6 9. O-O Be7 10. Nb5 O-O 11. Nd6 Nce5 12. Bb3 Nxf3+ 13. gxf3 Qc7 14. Nf5 Qe5 15. Rc1 d5 16. Nxe7+ Nxe7 17. Bc5 Rf7 18. Re1 Qg5+ 19. Kh1 Bd7 20. Bxe7 Rxe7 21. exd5 Rae8 22.
d6 Rf7 23. Rc7 Qb5 24. Qe2 Qxe2 25. Rxe2 Bc6 26. Rxe6 Bxf3+ 27. Kg1 Kf8 28. Rxe8+ Kxe8 1-0

[Event "*** Titled Tuesday Blitz"]
[Site "Chess.com"]
[Date "2018.01.02"]
[Round "9"]
[White "Squirlolz"]
[Black "colemman"]
[Result "0-1"]
[WhiteElo "2445"]
[BlackElo "2425"]
[TimeControl "180+2"]
[EndTime "14:59:54 PST"]
[Termination "colemman won by checkmate"]

1. e4 c5 2. Nf3 e6 3. d4 cxd4 4. Nxd4 Nf6 5. Nc3 Nc6 6. Ndb5 Bb4 7. a3 Bxc3+ 8. Nxc3 d5 9. exd5 exd5 10. Bd3 O-O 11.
O-O d4 12. Ne4 Bf5 13. Bg5 Bxe4 14. Bxe4 h6 15. Bxf6 Qxf6 16. Qf3 Qxf3 17. Bxf3 Ne5 18. Rad1 Nxf3+ 19. gxf3 Rfd8 20. Rfe1 Rd7 21. Rd2 Rad8 22.
Kg2 Kf8 23. Rd3 Rd6 24. f4 Rb6 25. b3 Ra6 26. a4 Rc6 27. Re2 Rd5 28. Kf3 f5 29.
Re5 Rxe5 30. fxe5 Rxc2 31. Rxd4 Ke7 32. Rb4 b6 33. a5 bxa5 34. Rb7+ Ke6 35. Rxg7 Kxe5 36.
Rxa7 Ra2 37. b4 Ra3+ 38. Kg2 axb4 39. Rb7 Rb3 40. Rh7 Rb1 41. Rxh6 b3 42. Rb6 Kd4 43. Kf3 Kc3 44. Kf4 Rf1 45. f3 b2 46. Rc6+ Kd4 47.
Rb6 b1=Q 48. Rxb1 Rxb1 49. Kxf5 Ke3 50. h4 Kxf3 51. h5 Rb5+ 52. Kg6 Kg4 53. h6 Rb6+ 54. Kg7 Kg5 55. h7 Rb7+ 56. Kg8 Kg6 57. h8=Q Rb8# 0-1

[Event "*** Titled Tuesday Blitz"]
[Site "Chess.com"]
[Date "2018.01.02"]
[Round "9"]
[White "AkshatChandra"]
[Black "MITerryble"]
[Result "1-0"]
[WhiteElo "2697"]
[BlackElo "2675"]
[TimeControl "180+2"]
[EndTime "15:00:04 PST"]
[Termination "AkshatChandra won by checkmate"]

1. b3 d5 2. Bb2 Bg4 3. f3 Bf5 4. e4 dxe4 5. Nc3 Nf6 6. Qe2 Nc6 7. fxe4 Nd4 8. Qd3 Bg6 9. Nf3 Nc6 10. Qb5 Qc8 11. O-O-O a6 12. Qe2 e5 13. Nd5 Bd6 14.
d4 Bh5 15. dxe5 Bxe5 16. Bxe5 Nxe5 17. Qe3 Nxf3 18. gxf3 Nxd5 19. Rxd5 Bg6 20. h4 f6 21. Bh3 Qb8 22. Qc5 c6 23. Rd7 Qf4+ 24. Kb1 Qe5 25. Qxe5+ fxe5 26. Rxg7 Rd8 27. Rg1 b5 28. Rc7 Rf8 29.
Bg4 Rf6 30. h5 Bf7 31. Bf5 Rh6 32. Rg7 Bxh5 33. Rg8# 1-0

[Event "*** Titled Tuesday Blitz"]
[Site "Chess.com"]
[Date "2018.01.02"]
[Round "9"]
[White "arna"]
[Black "nicegg"]
[Result "1-0"]
[WhiteElo "2105"]
[BlackElo "1993"]
[TimeControl "180+2"]
[EndTime "15:00:04 PST"]
[Termination "arna won on time"]

1. e4 e5 2. f4 exf4 3. Bc4 d6 4.
d4 Qh4+ 5. Kf1 Bg4 6. Qd3 g5 7. Qb3 Nd7 8. Bxf7+ Ke7 9. Bxg8 Rxg8 10. Qxg8 Be6 11. Qh8 Re8 12. Nf3 Bc4+ 13. Kg1 Qh6 14. h4 g4 15. Ng5 Nf6 16. e5 dxe5 17. dxe5 Nh5 18. Qxh7+ Kd8 19. Bxf4 Bc5+ 20. Kh2 Qxh7 21. Nxh7 Nxf4 22. Rd1+ Kc8 23. Nf6 Rxe5 24. Nc3 Bf2 25.
Nxg4 1-0

[Event "*** Titled Tuesday Blitz"]
[Site "Chess.com"]
[Date "2018.01.02"]
[Round "9"]
[White "Kaphrep"]
[Black "RoelandPruijssers"]
[Result "0-1"]
[WhiteElo "2634"]
[BlackElo "2567"]
[TimeControl "180+2"]
[EndTime "15:00:09 PST"]
[Termination "RoelandPruijssers won by resignation"]

1. e4 c5 2. Nf3 d6 3. Bb5+ Nc6 4. O-O Bd7 5. Re1 Nf6 6. h3 a6 7. Bf1 e5 8. c3 Be7 9. d4 cxd4 10. cxd4 exd4 11.
Nxd4 O-O 12. Nc3 Qb6 13. Nb3 Rfe8 14. Be3 Qd8 15. Rc1 Rc8 16. Na4 Be6 17. Nb6 Rc7 18. Nd5 Bxd5 19. exd5 Nb4 20. Rxc7 Qxc7 21. Bd4 Nbxd5 22.
Qf3 Qd7 23. Bc4 Nb4 24. Kh2 d5 25. Be2 Nc2 26. Rd1 Nxd4 27. Nxd4 Bc5 28. g3 Ne4 29.
Bf1 Qa4 30. Nf5 Bf8 31. Rd4 Qxa2 32. Bd3 Qxb2 33. Bxe4 dxe4 34. Rxe4 Rxe4 35. Qxe4 Qxf2+ 36. Kh1 g6 37. Ne3 Qxg3 38. Ng4 Qxh3+ 0-1

[Event "*** Titled Tuesday Blitz"]
[Site "Chess.com"]
[Date "2018.01.02"]
[Round "9"]
[White "ftorodent"]
[Black "Blitzstream"]
[Result "1-0"]
[WhiteElo "2531"]
[BlackElo "2502"]
[TimeControl "180+2"]
[EndTime "15:00:09 PST"]
[Termination "ftorodent won by resignation"]

1. d4 e5 2. dxe5 Nc6 3. Nf3 d6 4. Bg5 Qd7 5. exd6 Bxd6 6. e3 Qg4 7. Nbd2 Be6 8. h3 Qh5 9. Ne4 Be7 10. Ng3 Qg6 11.
Bd3 f5 12. e4 f4 13. Bxf4 O-O-O 14. Qe2 Qf6 15. Bd2 Qxb2 16. O-O Nf6 17. Rab1 Qa3 18. Bb5 Nd4 19. Nxd4 Rxd4 20. Be3 Rdd8 21. Bc4 Bd7 22. e5 Ne8 23. Rb3 Qa4 24. Rfb1 Bc6 25.
Nf5 Bf8 26. Bb5 Bxb5 27. Rxb5 b6 28. Qf3 Kb8 29. e6 Bd6 30. Bxb6 axb6 31. Rxb6+ cxb6 32. Rxb6+ 1-0

[Event "*** Titled Tuesday Blitz"]
[Site "Chess.com"]
[Date "2018.01.02"]
[Round "9"]
[White "BillForster"]
[Black "angieflynn"]
[Result "1-0"]
[WhiteElo "1527"]
[BlackElo "1791"]
[TimeControl "180+2"]
[EndTime "15:00:13 PST"]
[Termination "BillForster won on time"]

1. d4 f5 2. Nc3 Nf6 3. g4 Nxg4 4. e4 e6 5. h3 Qh4 6. Qf3 Nh6 7. Bf4 Nc6 8.
O-O-O d6 9. Nge2 Bd7 10. Ng3 O-O-O 11. Bg2 Be7 12. exf5 Nxf5 13. Nxf5 exf5 14. Nb5 a6 15. Na7+ Kb8 16. Nxc6+ Bxc6 17. d5 Bb5 18. Kb1 g5 19.
Bg3 Qh6 20. Rhe1 Rde8 21. Qb3 f4 22. Bh2 Qf6 23. Bf3 Bd8 24. Bg4 Rhf8 25. Be6 Ka8 26. f3 h5 27. Bg1 Re7 28. Qb4 Bd7 29. Qa5 1-0

[Event "*** Titled Tuesday Blitz"]
[Site "Chess.com"]
[Date "2018.01.02"]
[Round "9"]
[White "ChainsOfFantasia"]
[Black "VerdeNotte"]
[Result "0-1"]
[WhiteElo "2458"]
[BlackElo "2670"]
[TimeControl "180+2"]
[EndTime "15:00:19 PST"]
[Termination "VerdeNotte won by checkmate"]

1. d4 g6 2. c4 d6 3. Nc3 Bg7 4. Nf3 Nf6 5. e4 O-O 6. Be2 Nbd7 7. O-O e5 8. Re1 c6 9. Be3 Qe7 10. d5 c5 11. a3 Kh8 12. b4 b6 13. bxc5 Nxc5 14. Nd2 Ng8 15. a4 f5 16. f3 a5 17. Nb3 Nf6 18. Nxc5 bxc5 19. Bd3 f4 20. Bf2 g5 21. Be2 h5 22. h3 Bh6 23. Ra3 Rg8 24.
Nb5 g4 25. hxg4 hxg4 26. fxg4 Bxg4 27. Bxg4 Nxg4 28. Rh3 Rg6 29. Bh4 Qg7 30. Qf3 Rg8 31. Re2 Ne3 32. Rh2 Nxc4 33. Be1 Ne3 34. Bxa5 Ra8 35. Bc3 Rxa4 36. Qh3 Rxe4 37. Qc8+ Kh7 38. Nc7 f3 39. Ne8 Qe7 40. Rf2 Nxg2 41. Kf1 Re1+ 42. Bxe1 Ne3# 0-1

[Event "*** Titled Tuesday Blitz"]
[Site "Chess.com"]
[Date "2018.01.02"]
[Round "9"]
[White "Msb2"]
[Black "ChessQueen"]
[Result "0-1"]
[WhiteElo "2730"]
[BlackElo "2657"]
[TimeControl "180+2"]
[EndTime "15:00:25 PST"]
[Termination "ChessQueen won by checkmate"]

1. d4 Nf6 2. c4 e6 3. g3 c5 4. d5 exd5 5. cxd5 d6 6. Nc3 g6 7. Bg2 Bg7 8. Nf3 O-O 9. O-O a6 10. a4 Re8 11. Bf4 Qc7 12. Qd2 Nbd7 13. Rfc1 Nh5 14.
Bh6 Bh8 15. Rab1 Ndf6 16. Nh4 Ng4 17. Bg5 f6 18. Bf4 g5 19. Bxg5 fxg5 20. Qxg5+ Ng7 21. Ne4 Qf7 22. Rf1 h6 23. Qd2 Nf5 24. Nxf5 Bxf5 25. Nxd6 Qh5 26. h3 Bxb1 27. hxg4 Qg6 28. e4 Qxd6 29. Rxb1 Bd4 30. Kh2 Qg6 31. Kh3 h5 32. g5 Rxe4 33. Bxe4 Qxe4 34. Re1 Qg4+ 35. Kg2 Rf8 36. f4 h4 37. Qd3 Qxg3+ 38. Qxg3 hxg3 39. Kxg3 Bxb2 40. Kg4 c4 41. f5 c3 42. Re2 Rc8 43. Rc2 Kf7 44. d6 Rc4+ 45. Kh5 Rd4 46. Kh6 Rh4# 0-1

[Event "*** Titled Tuesday Blitz"]
[Site "Chess.com"]
[Date "2018.01.02"]
[Round "9"]
[White "ckgchess"]
[Black "littleozy"]
[Result "1-0"]
[WhiteElo "2490"]
[BlackElo "2399"]
[TimeControl "180+2"]
[EndTime "15:00:34 PST"]
[Termination "ckgchess won by resignation"]

1. e4 e5 2. Nf3 Nc6 3. Bc4 Nf6 4. d3 Be7 5. O-O O-O 6. Re1 d6 7. a4 Be6 8. Nbd2 h6 9. h3 Re8 10. a5 a6 11. c3 Bf8 12. b4 g6 13. Qb3 Bg7 14.
Nf1 d5 15. exd5 Bxd5 16. Bxd5 Nxd5 17. Bd2 Nf4 18. Bxf4 exf4 19. d4 Qf6 20. N1d2 g5 21. Ne4 Qg6 22. Nc5 h5 23. Qb1 f5 24. Qa2+ Kh8 25.
Re6 Rxe6 26. Qxe6 Bf6 27. Nd7 Kg7 28. d5 Nd8 29. Qxf6+ Qxf6 30. Nxf6 Kxf6 31. Re1 b6 32. Re8 bxa5 33. bxa5 Rb8 34. Rf8+ Kg7 35. Rxf5 Rb1+ 36. Kh2 Nf7 37. Nxg5 Nxg5 38. Rxg5+ Kf6 39. Rxh5 Rb2 40. Rh6+ Ke5 41. Rxa6 Rxf2 42. Kg1 Rc2 43. Rc6 Kxd5 44. Rxc7 Ra2 45. Ra7 Kc4 46. a6 Kxc3 47. Ra8 Ra1+ 48. Kh2 Kd2 49. a7 Ke2 50. Re8+ Kf2 51. a8=Q 1-0

[Event "*** Titled Tuesday Blitz"]
[Site "Chess.com"]
[Date "2018.01.02"]
[Round "9"]
[White "Vrolijk"]
[Black "capatl"]
[Result "0-1"]
[WhiteElo "2435"]
[BlackElo "2390"]
[TimeControl "180+2"]
[EndTime "15:00:35 PST"]
[Termination "capatl won by checkmate"]

1. e4 c5 2. Nf3 e6 3. d4 cxd4 4. Nxd4 a6 5. Bd3 Qc7 6. O-O d6 7. c4 Nd7 8. Nc3 Ngf6 9. Kh1 Ne5 10. b3 Nxd3 11. Qxd3 Be7 12. Bb2 O-O 13. f4 b6 14. f5 e5 15. Nc2 Bb7 16. Ne3 Rac8 17. Ncd5 Nxd5 18. Nxd5 Bxd5 19. Qxd5 Qc6 20. Rfd1 Qxd5 21.
Rxd5 f6 22. Ba3 Rc6 23. Rad1 Rd8 24. Kg1 Kf7 25. Kf1 Ke8 26. Ke2 Kd7 27. Bc1 Rb8 28. a4 Rc5 29. Ba3 Rxd5 30. Rxd5 Kc6 31. Kd3 g6 32. b4 gxf5 33. b5+ axb5 34. axb5+ Kc7 35.
exf5 Rg8 36. g3 Rg5 37. Ke4 Rg4+ 38. Kd3 Rg5 39. Ke4 Rg4+ 40. Kd3 h5 41. Bc1 Bf8 42.
Be3 h4 43. Bf2 hxg3 44. hxg3 Bh6 45. Bxb6+ Kxb6 46. Rxd6+ Kc5 47. Rc6+ Kb4 48. Rxf6 Rxg3+ 49. Ke4 Bf4 50. b6 Kxc4 51. Rc6+ Kb5 52. b7 Kxc6 53.
b8=Q Re3# 0-1

[Event "*** Titled Tuesday Blitz"]
[Site "Chess.com"]
[Date "2018.01.02"]
[Round "9"]
[White "inegrepus"]
[Black "Slmctk"]
[Result "0-1"]
[WhiteElo "2147"]
[BlackElo "2329"]
[TimeControl "180+2"]
[EndTime "15:00:39 PST"]
[Termination "Slmctk won by checkmate"]

1. d4 Nf6 2. c4 e5 3. dxe5 Ng4 4. e4 Nxe5 5. f4 Ng6 6. Be3 Bb4+ 7. Nd2 O-O 8. Nf3 d6 9. Bd3 Nd7 10. O-O Re8 11.
Qc2 Bc5 12. Rae1 Bxe3+ 13. Rxe3 Nxf4 14. Nd4 Nxd3 15. Qxd3 Ne5 16. Qe2 c6 17. Nf5 Bxf5 18.
Rxf5 Qb6 19. Kh1 Qxb2 20. h3 Qxa2 21. Rg3 g6 22. Qe3 Nxc4 23. Nxc4 Qxc4 24. Qh6 Qxe4 25. Rh5 Qe1+ 26. Kh2 Qxg3+ 27. Kxg3 gxh5 28. Qg5+ Kf8 29. Qxh5 Re6 30. Qxh7 Rg6+ 31. Kh2 Ke7 32. Qh4+ Kd7 33. Qf4 Rf8 34. Qf5+ Kc7 35. Qa5+ Kb8 36. Qb4 Rfg8 37. g4 f5 38. g5 Rxg5 39. Qxd6+ Ka8 40. h4 Rg2+ 41.
Kh3 Rg1 42. Kh2 a6 43. h5 R1g5 44. h6 Rh5# 0-1

[Event "*** Titled Tuesday Blitz"]
[Site "Chess.com"]
[Date "2018.01.02"]
[Round "9"]
[White "BillieKimbah"]
[Black "gkchesstiger"]
[Result "1/2-1/2"]
[WhiteElo "2706"]
[BlackElo "2654"]
[TimeControl "180+2"]
[EndTime "15:00:41 PST"]
[Termination "Game drawn by stalemate"]

1. c4 c6 2. Nf3 d5 3. d4 Nf6 4.
Nc3 a6 5. Qc2 g6 6. e4 dxe4 7.
Nxe4 Nxe4 8. Qxe4 Bg7 9. Be2 O-O 10. O-O Bf5 11. Qh4 Nd7 12. Bg5 f6 13. Be3 g5 14. Qg3 Qb8 15. Rad1 Qxg3 16. hxg3 Be6 17. d5 cxd5 18. cxd5 Bf7 19. Nd4 Rfe8 20. Nf5 Bg6 21. g4 Bf8 22. Rc1 Rac8 23. Bc4 Ne5 24. Bb3 Bf7 25. f3 Nd3 26. Rxc8 Rxc8 27. Bd4 Nf4 28.
Re1 Bxd5 29. Nxe7+ Bxe7 30. Rxe7 Bxb3 31. axb3 Kf8 32.
Rxh7 Kg8 33. Re7 Kf8 34. Rh7 Kg8 35. Rd7 Ne2+ 36. Kh2 Nxd4 37. Rxd4 Rc6 38. Rd8+ Kf7 39. Rd7+ Kg6 40. Rxb7 Rc2 41. Rb6 Rxb2 42. b4 Kf7 43.
Kh3 Kg6 44. g3 Kf7 45. f4 Kg7 46. Rb7+ Kf8 47. fxg5 fxg5 48. Rb6 Kf7 49. Rxa6 Rxb4 50. Ra5 Kg6 51. Ra2 Kg7 52. Rb2 Rxb2 1/2-1/2

[Event "*** Titled Tuesday Blitz"]
[Site "Chess.com"]
[Date "2018.01.02"]
[Round "9"]
[White "comedy_of_errors"]
[Black "Mikhail_Golubev"]
[Result "1-0"]
[WhiteElo "2596"]
[BlackElo "2320"]
[TimeControl "180+2"]
[EndTime "15:00:41 PST"]
[Termination "comedy_of_errors won by resignation"]

1. Nf3 d6 2. g3 g6 3. d4 Nf6 4. b3 Bg7 5. Bb2 O-O 6. Bg2 c6 7. O-O Bf5 8. c4 Na6 9. Nc3 Ne4 10. Rc1 Nb4 11. a3 Nxc3 12. Rxc3 Na6 13. Rc1 Qd7 14. Re1 c5 15. e3 cxd4 16. Nxd4 Bh3 17.
Bh1 Nc5 18. b4 Na4 19. Ba1 Rac8 20. Nb5 Bxa1 21. Qxa4 Bb2 22. Rc2 a6 23. Rxb2 Rxc4 24. Qa5 axb5 25. Qb6 Rfc8 26. Qxb7 Rc1 27. Rb1 Rxb1 28. Rxb1 Qf5 29. Qe4 Qf6 30. Qd4 Qxd4 31. exd4 Rc3 32. Ra1 Rd3 33. Bc6 Rxd4 34. Bxb5 e5 35. Bf1 Be6 36. b5 Rd2 37. Rb1 Bf5 38. Ra1 Kf8 39. a4 Ke8 40. a5 Kd8 41. a6 Be4 42. Bg2 Bxg2 43. Kxg2 1-0

[Event "*** Titled Tuesday Blitz"]
[Site "Chess.com"]
[Date "2018.01.02"]
[Round "9"]
[White "Dr-Bassem"]
[Black "mishanick"]
[Result "0-1"]
[WhiteElo "2641"]
[BlackElo "2776"]
[TimeControl "180+2"]
[EndTime "15:00:47 PST"]
[Termination "mishanick won on time"]

1. e4 c5 2. Nf3 d6 3. g3 Nf6 4. d3 g6 5. Bg2 Bg7 6. O-O Nc6 7. c3 O-O 8. Re1 e5 9. a3 d5 10. Nbd2 Re8 11. b4 cxb4 12. axb4 d4 13. cxd4 Nxd4 14. Bb2 Bg4 15. Bxd4 exd4 16. b5 Nd7 17. Nc4 Nc5 18. Qb1 Qc7 19. Nfd2 a6 20. b6 Qd7 21. e5 Bf5 22. Ne4 Bxe4 23. Bxe4 Rad8 24. f4 f6 25. Bg2 fxe5 26. fxe5 Re7 27. Ra5 Ne6 28. Qb3 Kh8 29.
Nd6 Rb8 30. Bh3 Bh6 31. Nf7+ Kg7 32. Nxh6 Kxh6 33. Rd5 Qe8 34. Rd6 Ng5 35. Bg2 Rxe5 36. Rf1 Re1 37. Qd5 Qe3+ 38. Kh1 Rf8 0-1

[Event "*** Titled Tuesday Blitz"]
[Site "Chess.com"]
[Date "2018.01.02"]
[Round "9"]
[White "GMKrikor"]
[Black "krzyzan94"]
[Result "1-0"]
[WhiteElo "2680"]
[BlackElo "2617"]
[TimeControl "180+2"]
[EndTime "15:00:48 PST"]
[Termination "GMKrikor won on time"]

1. e4 c5 2. Nf3 d6 3. d4 cxd4 4. Nxd4 Nf6 5. Nc3 a6 6. g3 g6 7. Bg2 Bg7 8. O-O O-O 9. b3 Bg4 10. Qd2 Nc6 11. Nxc6 bxc6 12. Bb2 Qc8 13. Na4 Rb8 14.
c4 Bh3 15. e5 dxe5 16. Bxe5 Bxg2 17. Kxg2 Rb7 18. Rad1 Rd7 19. Qe2 Rxd1 20. Rxd1 Qf5 21. Bc3 h5 22. Qf3 Qc2 23. Rd2 Qb1 24. h3 Ne4 25. Rb2 Nxc3 26. Rxb1 Nxb1 27. Qxc6 Rd8 28. c5 Rd2 29. Qe4 Bd4 30. Qxb1 Rxf2+ 31. Kh1 h4 32.
gxh4 Be5 33. Qe1 Bg3 34. Qxe7 Kg7 35. c6 Rc2 36. Qe4 Rc1+ 37. Kg2 Bc7 38. Nc3 1-0